 Dungeon Crawl Stone Soup version 0.22-a0-247-gbddf880 (webtiles) character file.

912 mortelune the Slasher (level 7, 0/56 HPs)
             Began as a Demonspawn Abyssal Knight on Feb 25, 2018.
             Was a Priest of Lugonu.
             Slain by a slave (7 damage)
             ... led by Pikel
             ... on level 6 of the Dungeon.
             The game lasted 00:17:49 (7219 turns).

mortelune the Slasher (Demonspawn Abyssal Knight)   Turns: 7219, Time: 00:17:49

Health: 0/56       AC: 11    Str: 15    XL:     7   Next: 82%
Magic:  8/8        EV:  9    Int: 13    God:    Lugonu [***...]
Gold:   153        SH:  0    Dex: 14    Spells: 6/6 levels left

rFire    x . .     SeeInvis .   a - +1 falchion
rCold    + . .     Gourm    .   (no shield)
rNeg     . . .     Faith    .   p - +0 scale mail
rPois    .         Spirit   .   (helmet restricted)
rElec    .         Reflect  .   (no cloak)
rCorr    .         Harm     .   s - +2 pair of gloves
MR       .....                  z - +0 pair of boots {Stlth+}
Stlth    ++........             (no amulet)
HPRegen  0.18/turn              g - ring of ice
MPRegen  0.11/turn              (no ring)

@: no status effects
A: antennae 1, thin skeletal structure 1, powered by death 1
a: Depart the Abyss, Bend Space, Banish, Renounce Religion


You were on level 6 of the Dungeon.
You worshipped Lugonu.
Lugonu was most pleased with you.
You were very hungry.

You visited 1 branch of the dungeon, and saw 6 of its levels.
You visited the Abyss 1 time.

You collected 279 gold pieces.
You spent 126 gold pieces at shops.

Inventory:

Hand Weapons
 a - a +1 falchion (weapon)
 B - a +0 scimitar
Armour
 b - a +0 leather armour
 k - a +0 pair of gloves
 p - a +0 scale mail (worn)
 s - a +2 pair of gloves (worn)
 y - a +1 pair of gloves
 z - a +0 pair of boots of stealth (worn)
Jewellery
 g - a ring of ice (left hand)
Wands
 l - a wand of polymorph (20)
 r - a wand of digging (13)
 v - a wand of enslavement (7)
Scrolls
 d - a scroll of identify
 h - a scroll of enchant armour {unknown}
 i - a scroll of amnesia
 j - 3 scrolls of noise
 m - a scroll of fear {unknown}
 o - 3 scrolls of remove curse
 t - a scroll of fog {unknown}
 w - 4 scrolls of teleportation
 x - a scroll of immolation {unknown}
 A - a scroll of enchant weapon {unknown}
Potions
 e - a potion of lignification
 n - a potion of mutation {unknown}
Comestibles
 c - 12 rations


   Skills:
 + Level 5.3 Fighting
 * Level 6.0 Long Blades
 + Level 4.3 Armour
 - Level 0.8 Dodging
 - Level 2.4 Invocations


You had 6 spell levels left.
You didn't know any spells.

Dungeon Overview and Level Annotations

Branches:
Dungeon (6/15)
 Temple: D:4-7

Altars:
Ashenzari
Cheibriados
Hepliaklqana
Kikubaaqudgha
Makhleb
Nemelex Xobeh
Ru
Xom
The Shining One

Shops:
D:4 [

Annotations:
D:5 Pikel


Innate Abilities, Weirdness & Mutations

You have a pair of small antennae on your head.
You have a somewhat thin skeletal structure. (Dex +2, Stealth)
You regenerate a little health from kills.


Message History

The slave is heavily wounded.
The slave hits you.
* * * LOW HITPOINT WARNING * * *
You hit the slave.
The slave is severely wounded.
The slave hits you.
* * * LOW HITPOINT WARNING * * *
You barely miss the slave.
The slave is severely wounded.
The slave hits you but does no damage.
You hit the slave.
The slave is almost dead.
The slave closely misses you.
You barely miss the slave.
The slave is almost dead.
The slave hits you but does no damage.
You hit the slave.
The slave is almost dead.
The slave hits you!
You die...

############
...........#
#...@p..# #
#.####..# ..
#.!####..# #.#
##.........###.##
####.....$.........
#.....<.####$.#.#.#
#.##.##.# #......##
# #. .# #.(......
.. .# ##.....##


You could see a slave.

Vanquished Creatures
  A slave (D:5)
  Blork the orc (D:6)
  A bullfrog (D:5)
  A scorpion (D:6)
  5 orc wizards
  4 hounds
  5 orc priests
  2 worker ants
  A hound skeleton (D:5)
  4 gnolls (D:4)
  10 adders
  4 worms
  4 dart slugs
  A leopard gecko (D:1)
  16 orcs
  5 giant cockroaches
  9 goblins
  8 hobgoblins
  8 jackals
  2 quokkas
  A ball python (D:4)
  10 bats
  4 frilled lizards
  9 kobolds
  A quokka skeleton (D:4)
  A quokka zombie (D:4)
  13 rats
131 creatures vanquished.

Notes
Turn   | Place    | Note
-------+----------+-------------------------------------------
     0 | Abyss:1  | mortelune the Demonspawn Abyssal Knight began the quest for the Orb.
     0 | Abyss:1  | Reached XP level 1. HP: 18/18 MP: 2/2
    36 | Abyss:1  | Noticed a smoke demon
    39 | D:1      | Escaped the Abyss
   288 | D:1      | Reached skill level 2 in Long Blades
   395 | D:1      | Gained mutation: You regenerate a little health from kills. [demonic ancestry]
   395 | D:1      | Reached XP level 2. HP: 13/24 MP: 3/3
  1078 | D:1      | Reached * piety under Lugonu
  1499 | D:1      | Reached XP level 3. HP: 24/29 MP: 4/4
  1856 | D:2      | Found a burning altar of Makhleb.
  1869 | D:2      | Reached skill level 3 in Long Blades
  2033 | D:2      | Gained mutation: You have a pair of small antennae on your head. [demonic ancestry]
  2033 | D:2      | Reached XP level 4. HP: 35/35 MP: 5/5
  2312 | D:2      | Reached ** piety under Lugonu
  2581 | D:2      | Found an ancient bone altar of Kikubaaqudgha.
  2586 | D:2      | Found a glowing golden altar of the Shining One.
  2586 | D:2      | Found a snail-covered altar of Cheibriados.
  3003 | D:2      | Found a sacrificial altar of Ru.
  3459 | D:3      | Gained mutation: You have a somewhat thin skeletal structure. (Dex +2, Stealth) [demonic ancestry]
  3459 | D:3      | Reached XP level 5. HP: 41/42 MP: 6/6
  3552 | D:3      | Found a shimmering altar of Xom.
  3552 | D:3      | Found a shimmering altar of Xom.
  3553 | D:3      | Found a shimmering altar of Xom.
  3555 | D:3      | Found a shimmering altar of Xom.
  3555 | D:3      | Found a shimmering altar of Xom.
  3972 | D:3      | HP: 1/42 [orc priest (6)]
  3976 | D:3      | Reached skill level 4 in Long Blades
  4115 | D:3      | Found a shimmering altar of Xom.
  4426 | D:4      | Reached *** piety under Lugonu
  4520 | D:4      | Reached XP level 6. HP: 43/48 MP: 7/7
  5097 | D:4      | Found the +8 whip "Snakebite" {curare, rPois}
  5328 | D:4      | Found Adylil's Armour Shoppe.
  5376 | D:4      | Bought a +0 pair of boots of stealth for 126 gold pieces
  5423 | D:4      | Reached skill level 5 in Long Blades
  5634 | D:5      | Entered Level 5 of the Dungeon
  6064 | D:5      | Found a shattered altar of Ashenzari.
  6189 | D:5      | Found a sparkling altar of Nemelex Xobeh.
  6403 | D:6      | Noticed Pikel
  6403 | D:6      | Noticed a slave
  6405 | D:6      | Noticed a slave
  6405 | D:6      | Noticed a slave
  6405 | D:6      | Noticed Blork the orc
  6407 | D:6      | Noticed a slave
  6425 | D:5      | Killed a slave
  6485 | D:6      | Reached XP level 7. HP: 52/55 MP: 8/8
  6498 | D:6      | Found a hazy altar of Hepliaklqana.
  6598 | D:6      | Killed Blork the orc
  6598 | D:6      | Reached skill level 5 in Fighting
  7037 | D:5      | Reached skill level 6 in Long Blades
  7219 | D:6      | Slain by a slave

Vault maps used:
D:1:      erik_arrival_triangle_medium, minmay_pentomino_x2
D:2:      makhleb_heckhound_becter, nicolae_ru_path_of_blood, minitemple
D:3:      minmay_diamond_boxcup, marbit_many_paths, xom_redecorated
D:4:      serial_shops, shop
D:5:      nicolae_ashenzari_panopticon, kennysheep_mini, first_ration
D:6:      lemuel_doored_altar, minmay_temple_entry_hall, portal_sewer_entry_b,
          uniq_pikel, uniq_blork_the_orc

Skill      XL: |  1  2  3  4  5  6  7 |
---------------+----------------------+-----
Long Blades    | 2 3 4 5 6 |  6.0
Armour         | 2 3 4 |  4.3
Fighting       | 4 5 |  5.3
Dodging        | |  0.8
Invocations    | |  2.4

Action                   |  1- 3 |  4- 6 |  7- 9 || total
-------------------------+-------+-------+-------++-------
Melee: Falchion          |   115 |   314 |   141 ||   570
Invok: Depart the Abyss  |     1 |       |       ||     1
  Use: Scroll            |       |     9 |       ||     9
       Potion            |       |     1 |     4 ||     5
 Stab: Sleeping          |     1 |       |       ||     1
  Eat: Chunk             |     3 |    13 |       ||    16
       Ration            |       |     1 |       ||     1
Armor: Leather armour    |    61 |    36 |       ||    97
       Scale mail        |       |    93 |   100 ||   193
Dodge: Dodged            |    86 |   195 |    60 ||   341
       Rpst.: Falchion   |    23 |    74 |    23 ||   120

Table legend:
 A = Spawn XP
 B = Non-spawn XP
 C = Spawn XP percentage of total XP
 D = Spawn monster count
 E = Non-spawn monster count
 F = Spawn count percentage of total count
 G = Total turns spent on level
                    A         B        C        D         E        F      G
               +---------+---------+-------+---------+---------+-------+---------
         Total |       0 |    1303 |   0.0 |       0 |     130 |   0.0 |  7219
               +---------+---------+-------+---------+---------+-------+---------
           D:1 |       0 |      54 |   0.0 |       0 |      33 |   0.0 |  1806
           D:2 |       0 |      97 |   0.0 |       0 |      17 |   0.0 |  1480
           D:3 |       0 |     210 |   0.0 |       0 |      35 |   0.0 |  1134
           D:4 |       0 |     322 |   0.0 |       0 |      27 |   0.0 |  1175
           D:5 |       0 |     204 |   0.0 |       0 |       7 |   0.0 |  1124
           D:6 |       0 |     416 |   0.0 |       0 |      11 |   0.0 |   461
               +---------+---------+-------+---------+---------+-------+---------
